 Dungeon Sprint DCSS version 0.30.1-11-g7821555f0a (webtiles) character file.

Game seed: 8105571170277864409

468051 Heoruswealwe the Minotaur Porcupine (level 20, -3/216 HPs)
             Began as a Minotaur Fighter on Nov 2, 2023.
             Was an Initiate of Gozag.
             Killed from afar by Asmodeus (47 damage)
             ... with damnation
             ... in the Dungeon (Sprint IX: "|||||||||||||||||||||||||||||").
             The game lasted 01:44:35 (9479 turns).

Heoruswealwe the Minotaur Porcupine (MiFi)          Turns: 9479, Time: 01:44:39

Health: -3/216     AC: 41    Str: 32    XL:     20   Next: 32%
Magic:  15/15      EV: 21    Int: 10    God:    Gozag
Gold:   1506       SH:  5    Dex: 17    Spells: 19/19 levels left

rFire   + + +        b - +7 bardiche (vamp)
rCold   + + .        (shield currently unavailable)
rNeg    + + .        c - +2 gold dragon scales
rPois   +            g - +0 hat {Will+}
rElec   +            h - +1 cloak {rCorr}
rCorr   +            f - +3 pair of gauntlets of War {Slay+5}
SInv    .            e - +2 pair of boots
Will    ++...        i - amulet of Sobi {Reflect Rampage rN+ Int+2 SH+5 Stlth+} Stlth
                     k - ring "Wokabbaimu" {rF+ rN+ Int+3 Dex+6}
HPRegen 0.56/turn    j - ring "Xekonuaq" {Str+3 Slay+4}
MPRegen 0.14/turn

%: no teleportation, reflection, rampage
@: mighty, resistant, on berserk cooldown, hasted and slowed
A: horns 2, retaliatory headbutt, low MP 2
}: 9/17 runes: decaying, serpentine, barnacled, slimy, elven, silver, golden,
abyssal, gossamer
a: Renounce Religion, Potion Petition, Call Merchant, Bribe Branch


You were in the Dungeon.
You worshipped Gozag.
Gozag was most pleased with you.
You visited 1 branch You collected 55088 gold pieces.
You spent 15314 gold pieces at shops.
You paid 38268 gold pieces to Gozag.

Inventory:

Hand Weapons
 a - a +2 demon trident of flaming
 b - a +7 vampiric bardiche (weapon)
 s - the +4 consecrated labrys {holy, Valiant Fragile Fly SInv}
   (You bought it in a shop in the Dungeon)

   Valiant:   It becomes more powerful as more dangerous foes come into view.
   SInv:      It lets you see invisible.
   Fly:       It grants you flight.
   Fragile:   It will be destroyed if unequipped.
 A - a +2 heavy demon trident
 F - a +5 trishula of holy wrath
Armour
 c - +2 gold dragon scales (worn)
 d - a +0 tower shield of fire resistance
 e - a +2 pair of boots (worn)
 f - the +3 pair of gauntlets of War (worn) {Slay+5}
   (You bought it in a shop in the Dungeon)

   Slay:      It affects your accuracy & damage with ranged weapons and melee
   (+5).
 g - a +0 hat of willpower (worn)
 h - a +1 cloak of preservation (worn)
 w - the +2 cloak of the Thief {*Fog Slay-2 SInv Stlth+}
   (You bought it in a shop in the Dungeon)

   *Fog:      It may release a thick cloud of smoke when the wearer is hurt.
   Slay:      It affects your accuracy & damage with ranged weapons and melee
   (-2).
   SInv:      It lets you see invisible.
   Stlth:     It makes you more stealthy.
Jewellery
 i - the amulet of Sobi (around neck) {Reflect Rampage rN+ Int+2 SH+5 Stlth+}
   (You bought it in a shop in the Dungeon)

   [amulet of reflection]

   It reflects blocked missile attacks.
   Int:       It affects your intelligence (+2).
   rN:        It protects you from negative energy.
   SH:        It affects your SH (+5).
   Rampage:   It bestows one free step when moving towards enemies.
   Stlth:     It makes you more stealthy.
 j - the ring "Xekonuaq" (right hand) {Str+3 Slay+4}
   (You found it in the Dungeon)

   [ring of slaying]

   Str:       It affects your strength (+3).
   Slay:      It affects your accuracy & damage with ranged weapons and melee
   (+4).
 k - the ring "Wokabbaimu" (left hand) {rF+ rN+ Int+3 Dex+6}
   (You bought it in a shop in the Dungeon)

   [ring of dexterity]

   Int:       It affects your intelligence (+3).
   Dex:       It affects your dexterity (+6).
   rF:        It protects you from fire.
   rN:        It protects you from negative energy.
Wands
 q - a wand of iceblast (18)
 u - a wand of flame (12)
 x - a wand of light (7)
 B - a wand of paralysis (9)
 M - a wand of mindburst (1)
Scrolls
 o - 6 scrolls of blinking
 p - 5 scrolls of identify
 I - a scroll of silence
Potions
 m - 2 potions of might
 n - 2 potions of resistance
 r - 3 potions of haste
 t - 6 potions of mutation
 v - 3 potions of ambrosia
 z - 3 potions of curing
 G - 2 potions of berserk rage
 J - 2 potions of heal wounds
Miscellaneous
 l - a lightning rod (3/4)
 y - a box of beasts (inert)
 C - a phantom mirror (inert)
 D - a tin of tremorstones (2/2)
 E - a piece from Xom's chessboard (15/15)
 H - a phial of floods
 K - the horn of Geryon (inert)


   Skills:
 O Level 27 Fighting
 + Level 15.8(18.5) Short Blades
 + Level 17.2(20.0) Long Blades
 O Level 27 Axes
 O Level 27 Maces & Flails
 O Level 27 Polearms
 + Level 24.9(27) Staves
 + Level 23.1 Ranged Weapons
 O Level 27 Armour
 O Level 27 Dodging
 O Level 27 Shields
 + Level 15.8 Unarmed Combat
 O Level 27 Evocations


You had 19 spell levels left.
You didn't know any spells.
Your spell library contained the following spells:

 Spells                   Type           Power      Damage    Failure   Level
 Apportation              Tloc           0%         N/A       87%         1
 Alistair's Intoxication  Tmut/Pois      0%         N/A       100%        5


Dungeon Overview and Level Annotations

Branches:
Dungeon (1/1)

Altars:
Cheibriados
Dithmenos
Elyvilon
Fedhas
Gozag
Hepliaklqana
Kikubaaqudgha
Makhleb
Nemelex Xobeh
Okawaru
Qazlal
Ru
Sif Muna
Trog
Uskayaw
Vehumet
Wu Jian
Xom
Yredelemnul
Zin
The Shining One
Jiyva
Lugonu

Shops:
D *[*([=!*[****=(*(*=**=*

Annotations:
D Asmodeus, Cerebov, Gloorx Vloq, Lom Lobon


Innate Abilities, Weirdness & Mutations

You have a pair of horns on your head.
You reflexively headbutt those who attack you in melee.
Your magical capacity is very low. (-20% MP)


Message History

The Executioner shaped block of ice is destroyed!
Gloorx Vloq is engulfed in freezing vapours.
Unknown command.
You are too confused!
You feel better.
You feel less invigorated.
The Executioner is no longer encased in ice.
Gloorx Vloq is no longer encased in ice.
Gloorx Vloq is engulfed in freezing vapours.
Cerebov, Demon Lord of Fire and Steel comes into view.
They are wielding the +6 sword of Cerebov {flame}.
Gloorx Vloq calls on the powers of darkness!
Your body is wracked with pain!
Asmodeus is engulfed in freezing vapours.
Aiming: Thunderbolt
Press: ? - help, Shift-Dir - straight line, f/p - Lom Lobon
Aim: Lom Lobon (heavily wounded, surrounded by restless winds, magic disrupted)
The thunderbolt hits the Executioner!
The Executioner resists.
The Executioner is almost dead.
The thunderbolt hits Asmodeus.
Asmodeus resists.
Asmodeus is moderately wounded.
The thunderbolt hits Lom Lobon.
Lom Lobon completely resists.
Lom Lobon is heavily wounded.
Your extra speed is starting to run out.
Something shouts, "I shall devour thy viscera!"
Lom Lobon's magic is no longer disrupted.
Gloorx Vloq moans, "Thy heart shall be my breakfast!"
Gloorx Vloq gestures.
Gloorx Vloq calls on the powers of darkness!
Your body is wracked with pain!
* * * LOW HITPOINT WARNING * * *
Lom Lobon gestures.
Lom Lobon blinks!
You produce a hideous howling noise!
You are engulfed in blazing flames.
You resist.
* * * LOW HITPOINT WARNING * * *
The Executioner is engulfed in freezing vapours.
Lom Lobon hits your hell beast!! Asmodeus gestures at you.
The sphere of damnation explodes!
The damnation engulfs you!!!
You die...
Your body crumbles into a pile of gold.

.▓.▓.▓.▓.▓.▓.▓.▓°▓
.▓.▓.▓.▓.▓.▓.▓.▓&▓
)▓.▓.▓.▓.▓.▓.▓.▓&▓
[▓.▓.▓.▓.▓.▓.▓.▓1▓
)▓.▓.▓.▓.▓.▓.▓.▓1▓
'▓.▓.▓.▓.▓.▓.▓.▓&▓
.▓.▓.▓.▓'▓.▓.▓.▓2▓
.▓.▓.▓.▓.▓.▓.▓.▓&▓
)▓.▓.▓.▓)▓.▓.▓.▓@▓
.▓.▓.▓.▓.▓.▓'▓.▓2▓
)▓.▓.▓.▓)▓.▓.▓.▓2▓
.▓.▓.▓.▓)▓.▓.▓.▓.▓
)▓.▓.▓.▓)▓.▓.▓.▓.▓
)▓.▓'▓.▓)▓.▓.▓.▓.▓
'▓.▓.▓.▓)▓.▓.▓.▓.▓
.▓.▓'▓.▓)▓.▓.▓.▓.▓
.▓.▓.▓.▓)▓.▓.▓.▓.▓


You could see Cerebov, Asmodeus (strong, clouds, ally target), Lom Lobon (gusty,
ally target), Gloorx Vloq, 2 Executioners and 3 friendly hell beasts.

Vanquished Creatures
  the Royal Jelly (D)
  5 ancient liches (D)
  Mara (D)
  5 orbs of fire (D)
  Mennas (D)
  5 royal mummies (D)
  Boris (D)
  Margery (D)
  Geryon (D)
  Jory (D)
  4 golden dragons (D)
  Nikola (D)
  2 bone dragons (D)
  4 electric golems (D)
  Rupert (D)
  A lich (D)
  28 Orb Guardians (D)
  8 tentacled monstrosities (D)
  4 deep elf blademasters (D)
  2 quicksilver dragons (D)
  2 deep elf master archers (D)
  8 acid blobs (D)
  Gastronok (D)
  Frances (D)
  2 death cobs (D)
  14 sphinxes (D)
  3 storm dragons (D)
  2 tengu reavers (D)
  8 shadow dragons (D)
  3 draconian monks (D)
  7 nagarajas (D)
  A draconian knight (D)
  4 fire giants (D)
  Ilsuiw (D)
  3 azure jellies (D)
  3 rockslimes (D)
  2 frost giants (D)
  2 draconian scorchers (D)
  6 emperor scorpions (D)
  4 deep elf sorcerers (D)
  Aizul (D)
  A draconian shifter (D)
  3 ghost moths (D)
  Louise (D)
  2 draconian stormcallers (D)
  4 vault wardens (D)
  An ironbound preserver (D)
  3 very ugly things (D)
  2 draconian annihilators (D)
  2 ironbound thunderhulks (D)
  8 vampire knights (D)
  9 stone giants (D)
  A broodmother (D)
  3 quicksilver oozes (D)
  2 green draconians (D)
  Nessos (D)
  Azrael (D)
  A deep elf annihilator (D)
  A deep elf demonologist (D)
  3 black draconians (D)
  3 white draconians (D)
  2 dire elephants (D)
  2 yellow draconians (D)
  3 purple draconians (D)
  A red draconian (D)
  4 merfolk javelineers (D)
  Josephine (D)
  5 fire dragons (D)
  2 entropy weavers (D)
  A deep elf death mage (D)
  4 yaktaur captains (D)
  5 ettins (D)
  A mummy priest (D)
  4 merfolk impalers (D)
  A deep elf high priest (D)
  25 vault guards (D)
  8 hydras (D)
  A peacekeeper (D)
  2 ironbound frosthearts (D)
  3 ice dragons (D)
  A spriggan air mage (D)
  3 rakshasas (D)
  A ghost crab (D)
  A jorogumo (D)
  A catoblepas (D)
  2 merfolk avatars (D)
  2 death knights (D)
  An anaconda (shapeshifter) (D)
  5 centaur warriors (D)
  A radroach (shapeshifter) (D)
  A boulder beetle (D)
  An alligator (D)
  2 merfolk aquamancers (D)
  2 naga warriors (D)
  A tengu warrior (D)
  2 deep troll earth magi (D)
  2 spriggan berserkers (D)
  8 hell knights (D)
  2 pharaoh ants (D)
  A skeletal warrior (D)
  3 sea snakes (D)
  A goliath frog (D)
  6 swamp dragons (D)
  2 ironbound convokers (D)
  3 orc knights (D)
  A lindwurm (D)
  3 wolf spiders (D)
  4 moths of wrath (D)
  2 ugly things (D)
  6 orc sorcerers (D)
  A cyclops (D)
  An elephant (D)
  2 manticores (D)
  A worldbinder (D)
  An apocalypse crab (D)
  2 guardian serpents (D)
  4 black mambas (D)
  A naga mage (D)
  A water nymph (D)
  3 vault sentinels (D)
  2 demonic crawlers (D)
  4 cane toads (D)
  An unseen horror (D)
  4 komodo dragons (D)
  22 guardian mummies (D)
  A tengu conjurer (D)
  A wandering mushroom (D)
  A meliai (D)
  3 merfolk (D)
  A raiju (D)
  4 tyrant leeches (D)
  A tarantella (D)
  2 blink frogs (D)
  2 jumping spiders (D)
  11 spriggans (D)
  3 slime creatures (D)
  2 shadows (D)
  5 wraiths (D)
  2 fire elementals (D)
  2 neqoxecs (D)
  A golden eye (D)
  6 yaks (D)
  A chaos spawn (D)
  A vampire mosquito (D)
  6 nagas (D)
  4 water moccasins (D)
  An acid dragon (D)
  4 hell hounds (D)
  2 floating eyes (D)
  A small abomination (D)
  11 orc warriors (D)
  A black bear (D)
  3 swamp drakes (D)
  A centaur (D)
  A wolf (D)
  A kobold brigand (D)
  A bullfrog (D)
  A jelly (D)
  2 orc priests (D)
  10 orc wizards (D)
  2 ufetubi (D)
  A dart slug (D)
  7 orcs (D)
  A giant cockroach (D)
  A jackal (D)
  A ball python (D)
  A frilled lizard (D)
517 creatures vanquished.

Vanquished Creatures (collateral kills)
  A ball lightning (D)
1 creature vanquished.

Vanquished Creatures (others)
  A draconian knight (D)
  An eleionoma (D)
  A spriggan druid (D)
  A will-o-the-wisp (D)
  A hornet (D)
  A spriggan (D)
  2 ball lightnings (D)
  A foxfire (D)
9 creatures vanquished.

Grand Total: 527 creatures vanquished

Notes
Turn   | Place    | Note
-------+----------+-------------------------------------------
     0 | D        | Heoruswealwe the Minotaur Fighter began the quest for the
                  | Orb.
     0 | D        | Reached XP level 1. HP: 19/19 MP: 0/0
    25 | D        | Noticed a jelly
    25 | D        | Noticed a water moccasin
    25 | D        | Noticed a water moccasin
    32 | D        | Killed a water moccasin
    33 | D        | Reached XP level 2. HP: 31/31 MP: 1/1
    33 | D        | Reached XP level 3. HP: 38/38 MP: 2/2
    33 | D        | Reached XP level 4. HP: 45/45 MP: 3/3
    41 | D        | Killed a water moccasin
    42 | D        | Reached skill level 10 in Polearms
    42 | D        | Reached XP level 5. HP: 20/53 MP: 4/4
    57 | D        | Found a snail-covered altar of Cheibriados.
    57 | D        | Found a shadowy altar of Dithmenos.
    57 | D        | Found a white marble altar of Elyvilon.
    57 | D        | Found a blossoming altar of Fedhas.
    57 | D        | Found an opulent altar of Gozag.
    58 | D        | Found a hazy altar of Hepliaklqana.
    59 | D        | Found a viscous altar of Jiyva.
    60 | D        | Found an ancient bone altar of Kikubaaqudgha.
    61 | D        | Found a corrupted altar of Lugonu.
    62 | D        | Found a burning altar of Makhleb.
    63 | D        | Found a sparkling altar of Nemelex Xobeh.
    64 | D        | Found an iron altar of Okawaru.
    65 | D        | Became a worshipper of Gozag Ym Sagoz the Greedy
    66 | D        | Found a stormy altar of Qazlal.
    67 | D        | Found a sacrificial altar of Ru.
    68 | D        | Found a shimmering blue altar of Sif Muna.
    69 | D        | Found a bloodstained altar of Trog.
    70 | D        | Found a hide-covered altar of Uskayaw.
    71 | D        | Found a radiant altar of Vehumet.
    72 | D        | Found an ornate altar of the Wu Jian Council.
    73 | D        | Found a shimmering altar of Xom.
    74 | D        | Found a basalt altar of Yredelemnul.
    75 | D        | Found a glowing silver altar of Zin.
    76 | D        | Found a glowing golden altar of the Shining One.
   204 | D        | Noticed a centaur
   204 | D        | Noticed a shadow
   204 | D        | Noticed a shadow
   204 | D        | Noticed a yak
   204 | D        | Noticed a yak
   208 | D        | Killed a yak
   209 | D        | Reached XP level 6. HP: 53/63 MP: 5/5
   212 | D        | Killed a yak
   213 | D        | Reached XP level 7. HP: 51/71 MP: 6/6
   215 | D        | Killed a shadow
   216 | D        | Reached skill level 10 in Fighting
   216 | D        | Reached skill level 10 in Armour
   218 | D        | Killed a shadow
   353 | D        | Noticed a boulder beetle
   353 | D        | Noticed a cyclops
   353 | D        | Noticed a tengu conjurer
   353 | D        | Noticed a centaur warrior
   353 | D        | Noticed a centaur warrior
   358 | D        | Killed a centaur warrior
   359 | D        | Reached XP level 8. HP: 47/83 MP: 7/7
   367 | D        | Killed a centaur warrior
   368 | D        | Reached XP level 9. HP: 29/92 MP: 8/8
   375 | D        | Killed a tengu conjurer
   382 | D        | Killed an unseen horror
   382 | D        | HP: 4/93 [cyclops/large rock (6)]
   384 | D        | Killed a boulder beetle
   385 | D        | Killed a cyclops
   712 | D        | Got the ring "Xekonuaq" {Str+3 Slay+4}
   739 | D        | Noticed a komodo dragon
   739 | D        | Noticed a komodo dragon
   742 | D        | Killed a komodo dragon
   743 | D        | Noticed a cane toad
   745 | D        | Noticed a komodo dragon
   747 | D        | Killed a komodo dragon
   748 | D        | Reached XP level 10. HP: 72/104 MP: 9/9
   770 | D        | Killed a cane toad
   781 | D        | Reached skill level 15 in Fighting
   781 | D        | Reached skill level 15 in Armour
   944 | D        | Noticed a cane toad
   944 | D        | Noticed an elephant
   945 | D        | Noticed a six-headed hydra
   955 | D        | Killed an elephant
   961 | D        | Noticed a cane toad
   965 | D        | Killed a ten-headed hydra
   970 | D        | Killed a cane toad
   971 | D        | Killed a cane toad
  1059 | D        | Noticed a cane toad
  1074 | D        | Reached XP level 11. HP: 91/115 MP: 10/10
  1279 | D        | Noticed an orc knight
  1292 | D        | Killed an orc knight
  1420 | D        | Noticed an orc knight
  1434 | D        | Killed an orc knight
  1532 | D        | Found Diggush's General Store.
  1532 | D        | Noticed an orc sorcerer
  1532 | D        | Noticed an orc sorcerer
  1534 | D        | Noticed an orc sorcerer
  1535 | D        | Killed an orc sorcerer
  1541 | D        | Killed an orc sorcerer
  1542 | D        | Found Pigah's Distillery.
  1545 | D        | Killed an orc sorcerer
  1546 | D        | Noticed an orc sorcerer
  1549 | D        | Found Biroitushru's Jewellery Boutique.
  1552 | D        | Noticed an orc sorcerer
  1554 | D        | Killed an orc sorcerer
  1555 | D        | Found Huhakh's Antique Armour Shop.
  1556 | D        | Noticed an orc sorcerer
  1563 | D        | Paralysed by an orc sorcerer for 4 turns
  1564 | D        | Noticed a sixfirhy
  1569 | D        | Killed an orc sorcerer
  1578 | D        | Killed an orc sorcerer
  1667 | D        | Bought a potion of curing for 39 gold pieces
  1667 | D        | Bought a scroll of identify for 26 gold pieces
  1667 | D        | Bought a potion of curing for 39 gold pieces
  1667 | D        | Bought a scroll of enchant weapon for 97 gold pieces
  1669 | D        | Bought 2 potions of heal wounds for 130 gold pieces
  1669 | D        | Bought a potion of lignification for 39 gold pieces
  1669 | D        | Bought a potion of mutation for 104 gold pieces
  1669 | D        | Bought 2 potions of might for 104 gold pieces
  1669 | D        | Bought a potion of resistance for 130 gold pieces
  1669 | D        | Bought a potion of degeneration for 13 gold pieces
  1669 | D        | Bought a potion of mutation for 104 gold pieces
  1669 | D        | Bought a potion of ambrosia for 104 gold pieces
  1685 | D        | Bought the ring "Wokabbaimu" {rF+ rN+ Int+3 Dex+6} for 605
                  | gold pieces
  1706 | D        | Bought a glowing tower shield for 157 gold pieces
  1732 | D        | Bought the +4 consecrated labrys {holy, Valiant Fragile Fly
                  | SInv} for 1116 gold pieces
  1732 | D        | Found the +4 consecrated labrys {holy, Valiant Fragile Fly
                  | SInv}
  1732 | D        | Bought a glowing bardiche for 384 gold pieces
  1763 | D        | Bought a scroll of identify for 28 gold pieces
  1763 | D        | Bought a scroll of magic mapping for 105 gold pieces
  1763 | D        | Bought a scroll of identify for 28 gold pieces
  1774 | D        | Bought the +3 pair of gauntlets of War {Slay+5} for 760
                  | gold pieces
  1774 | D        | Found the +3 pair of gauntlets of War {Slay+5}
  1828 | D        | Bought a scroll of torment for 114 gold pieces
  1828 | D        | Bought a scroll of summoning for 114 gold pieces
  1828 | D        | Bought a +1 cloak of preservation for 198 gold pieces
  1828 | D        | Bought a scroll of identify for 24 gold pieces
  1890 | D        | Noticed Gastronok
  1902 | D        | Killed Gastronok
  2087 | D        | Noticed a cyan ugly thing
  2087 | D        | Noticed a skeletal warrior
  2087 | D        | Noticed a centaur warrior
  2087 | D        | Noticed a centaur warrior
  2087 | D        | Noticed a red ugly thing
  2087 | D        | Noticed a five-headed hydra
  2094 | D        | Killed an 11-headed hydra
  2096 | D        | Killed a red ugly thing
  2097 | D        | Reached XP level 12. HP: 128/128 MP: 11/11
  2097 | D        | Noticed a catoblepas
  2098 | D        | Noticed an ettin
  2100 | D        | Killed a centaur warrior
  2101 | D        | Noticed a tengu reaver
  2104 | D        | Killed a centaur warrior
  2105 | D        | Noticed a rakshasa
  2113 | D        | Killed a catoblepas
  2114 | D        | Noticed a red very ugly thing
  2114 | D        | Noticed an ice dragon
  2116 | D        | Noticed a fire giant
  2117 | D        | Killed an ettin
  2120 | D        | Killed a tengu reaver
  2124 | D        | Killed a rakshasa
  2125 | D        | Noticed an ettin
  2127 | D        | Killed a red very ugly thing
  2137 | D        | Killed an ice dragon
  2143 | D        | Killed a fire giant
  2145 | D        | Killed an ettin
  2146 | D        | Reached skill level 27 in Polearms
  2318 | D        | Bought the +1 plate armour of Hakein {rElec} for 504 gold
                  | pieces
  2318 | D        | Bought a potion of heal wounds for 60 gold pieces
  2530 | D        | Noticed Rupert
  2540 | D        | Killed Rupert
  2568 | D        | Noticed Nessos
  2570 | D        | Noticed Josephine
  2575 | D        | Killed Nessos
  2579 | D        | Killed Josephine
  2594 | D        | Reached XP level 13. HP: 117/143 MP: 12/12
  2747 | D        | Noticed a broodmother
  2758 | D        | Killed a broodmother
  2779 | D        | Reached skill level 1 in Dodging
  2779 | D        | Reached skill level 1 in Evocations
  2845 | D        | Noticed an eleionoma
  2849 | D        | Killed an eleionoma
  2858 | D        | Noticed an emperor scorpion
  2859 | D        | Reached skill level 5 in Shields
  3125 | D        | Killed an emperor scorpion
  3257 | D        | Reached skill level 5 in Dodging
  3306 | D        | Bought a potion of heal wounds for 150 gold pieces
  3306 | D        | Bought a lightning rod (4/4) for 900 gold pieces
  3306 | D        | Bought a scroll of blinking for 225 gold pieces
  3306 | D        | Bought a sharpened lead wand for 120 gold pieces
  3309 | D        | Bought the +2 cloak of the Thief {*Fog Slay-2 SInv Stlth+}
                  | for 241 gold pieces
  3309 | D        | Found the +2 cloak of the Thief {*Fog Slay-2 SInv Stlth+}
  3309 | D        | Bought the +6 chain mail of Lightning Storm {rElec rF+
                  | Str+3} for 741 gold pieces
  3356 | D        | Noticed Azrael
  3362 | D        | Reached skill level 5 in Evocations
  3362 | D        | Noticed Aizul
  3365 | D        | Killed Azrael
  3381 | D        | Killed Aizul
  3466 | D        | Noticed Frances
  3472 | D        | Killed Frances
  3529 | D        | Noticed a fire dragon
  3529 | D        | Noticed a frost giant
  3529 | D        | Noticed a stone giant
  3529 | D        | Noticed a stone giant
  3532 | D        | Killed a stone giant
  3538 | D        | Killed a stone giant
  3539 | D        | Reached XP level 14. HP: 105/159 MP: 13/13
  3541 | D        | Noticed a stone giant
  3541 | D        | Noticed a stone giant
  3545 | D        | Killed a frost giant
  3548 | D        | Noticed a stone giant
  3551 | D        | Noticed a fire giant
  3552 | D        | Reached skill level 10 in Shields
  3557 | D        | Killed a stone giant
  3564 | D        | Killed a stone giant
  3570 | D        | Killed a stone giant
  3579 | D        | Killed a fire giant
  3597 | D        | Noticed a stone giant
  3598 | D        | Noticed a stone giant
  3604 | D        | Killed a stone giant
  3606 | D        | Killed a stone giant
  3607 | D        | Reached skill level 10 in Dodging
  3676 | D        | Noticed an ironbound thunderhulk
  3684 | D        | Killed an ironbound thunderhulk
  3717 | D        | Noticed a vault warden
  3721 | D        | Noticed a vault warden
  3731 | D        | Killed a vault warden
  3732 | D        | Noticed an ironbound thunderhulk
  3736 | D        | Reached skill level 10 in Evocations
  3739 | D        | Killed a vault warden
  3746 | D        | Killed an ironbound thunderhulk
  3837 | D        | Bought a scroll of blinking for 210 gold pieces
  3837 | D        | Bought a scroll labelled KEUCKO IGHINK for 28 gold pieces
  3837 | D        | Bought a grey potion for 25 gold pieces
  3862 | D        | Bought a forked brass wand for 152 gold pieces
  3862 | D        | Bought 2 scrolls of identify for 152 gold pieces
  3862 | D        | Bought a potion of mutation for 304 gold pieces
  3862 | D        | Bought a scroll labelled YTUCYU EKKOMOTS for 38 gold pieces
  3862 | D        | Bought a potion of haste for 380 gold pieces
  3862 | D        | Bought a scroll labelled ZIMENU EKIW for 38 gold pieces
  3907 | D        | Noticed Mara
  3912 | D        | Noticed Margery
  3916 | D        | Noticed Heoruswealwe's illusion
  3916 | D        | Killed Mara
  3923 | D        | Reached XP level 15. HP: 129/172 MP: 14/14
  3928 | D        | Killed Margery
  3935 | D        | Reached skill level 15 in Shields
  3981 | D        | Noticed Jory
  3994 | D        | Killed Jory
  4330 | D        | Noticed Boris
  4337 | D        | Killed Boris
  4355 | D        | Noticed Nikola
  4360 | D        | Killed Nikola
  4386 | D        | Noticed a nagaraja
  4386 | D        | Noticed a nagaraja
  4386 | D        | Noticed a nagaraja
  4386 | D        | Noticed a nagaraja
  4387 | D        | Noticed a nagaraja
  4392 | D        | Killed a nagaraja
  4394 | D        | Noticed a nagaraja
  4395 | D        | Killed a nagaraja
  4398 | D        | Killed a nagaraja
  4399 | D        | Reached skill level 27 in Fighting
  4399 | D        | Reached skill level 27 in Armour
  4399 | D        | Noticed a nagaraja
  4403 | D        | Killed a nagaraja
  4406 | D        | Killed a nagaraja
  4407 | D        | Reached skill level 15 in Dodging
  4411 | D        | Killed a nagaraja
  4415 | D        | Killed a nagaraja
  4416 | D        | Reached skill level 1 in Axes
  4416 | D        | Reached skill level 1 in Maces & Flails
  4429 | D        | Got a serpentine rune of Zot
  4668 | D        | Bought a box of beasts for 1520 gold pieces
  4919 | D        | Reached skill level 5 in Axes
  4919 | D        | Reached skill level 5 in Maces & Flails
  4933 | D        | Got a decaying rune of Zot
  4973 | D        | Noticed an emperor scorpion
  4973 | D        | Noticed an emperor scorpion
  4973 | D        | Noticed an emperor scorpion
  4978 | D        | Killed an emperor scorpion
  4981 | D        | Noticed an emperor scorpion
  4984 | D        | Killed an emperor scorpion
  4990 | D        | Killed an emperor scorpion
  4992 | D        | Noticed an emperor scorpion
  5000 | D        | Killed an emperor scorpion
  5009 | D        | Killed an emperor scorpion
  5018 | D        | Got a gossamer rune of Zot
  5104 | D        | Noticed Ilsuiw
  5121 | D        | Killed Ilsuiw
  5156 | D        | Reached XP level 16. HP: 98/183 MP: 15/15
  5159 | D        | Reached skill level 10 in Axes
  5159 | D        | Reached skill level 10 in Maces & Flails
  5165 | D        | Reached skill level 15 in Evocations
  5198 | D        | Got a barnacled rune of Zot
  5665 | D        | Noticed a golden dragon
  5669 | D        | Noticed a sphinx
  5680 | D        | Noticed a tengu reaver
  5683 | D        | Noticed a shadow dragon
  5693 | D        | Killed a golden dragon
  5696 | D        | Killed a sphinx
  5700 | D        | Noticed a shadow dragon
  5708 | D        | Killed a tengu reaver
  5716 | D        | Killed a shadow dragon
  5717 | D        | Reached skill level 15 in Axes
  5717 | D        | Reached skill level 15 in Maces & Flails
  5723 | D        | Killed a shadow dragon
  5803 | D        | Noticed a shadow dragon
  5803 | D        | Noticed a quicksilver dragon
  5803 | D        | Noticed a golden dragon
  5803 | D        | Noticed a shadow dragon
  5810 | D        | Noticed a shadow dragon
  5811 | D        | Noticed a shadow dragon
  5813 | D        | Killed a golden dragon
  5821 | D        | Killed a shadow dragon
  5825 | D        | Killed a quicksilver dragon
  5836 | D        | Killed a shadow dragon
  5843 | D        | Killed a shadow dragon
  5850 | D        | Killed a shadow dragon
  5858 | D        | Got a silver rune of Zot
  5983 | D        | Bought a scroll of enchant armour for 135 gold pieces
  5983 | D        | Bought a scroll of enchant armour for 135 gold pieces
  5983 | D        | Bought a potion of mutation for 144 gold pieces
  5994 | D        | Bought a potion of haste for 200 gold pieces
  5994 | D        | Bought a piece from Xom's chessboard (15/15) for 400 gold
                  | pieces
  6031 | D        | Noticed Mennas
  6042 | D        | Killed Mennas
  6043 | D        | Reached XP level 17. HP: 138/191 MP: 16/16
  6179 | D        | Got the ring of Dysyuz {rPois rCorr Str-4 Slay+6 SInv}
  6181 | D        | Got the ring "Quhyfiem" {rF+ rC- Str+3 Int+2 Dex+6}
  6183 | D        | Got the ring "Heixij" {rC+ Will+ MP+9}
  6185 | D        | Got the ring of Gaaph {Contam EV+3 Dex+6}
  6187 | D        | Got the ring of Disaster {Fire rPois rN+}
  6381 | D        | Noticed Louise
  6390 | D        | Killed Louise
  6507 | D        | Noticed a bone dragon
  6518 | D        | Killed a bone dragon
  6591 | D        | Noticed an electric golem
  6591 | D        | Noticed a tentacled monstrosity
  6591 | D        | Noticed a quicksilver dragon
  6593 | D        | Noticed an electric golem
  6596 | D        | Killed a tentacled monstrosity
  6601 | D        | Killed a quicksilver dragon
  6626 | D        | Killed an electric golem
  6633 | D        | Killed an electric golem
  6819 | D        | Noticed an electric golem
  6842 | D        | Killed an electric golem
  6888 | D        | Noticed a tentacled monstrosity
  6888 | D        | Noticed a tentacled monstrosity
  6899 | D        | Killed a tentacled monstrosity
  6903 | D        | Killed a tentacled monstrosity
  7023 | D        | Noticed a tentacled monstrosity
  7040 | D        | Killed a tentacled monstrosity
  7201 | D        | Bought a phial of floods for 440 gold pieces
  7201 | D        | Bought a potion of mutation for 88 gold pieces
  7201 | D        | Bought a scroll of silence for 104 gold pieces
  7204 | D        | Bought the amulet of Sobi {Reflect Rampage rN+ Int+2 SH+5
                  | Stlth+} for 867 gold pieces
  7281 | D        | Noticed an Orb Guardian
  7281 | D        | Noticed an Orb Guardian
  7281 | D        | Noticed an Orb Guardian
  7281 | D        | Noticed an Orb Guardian
  7281 | D        | Noticed an Orb Guardian
  7281 | D        | Noticed an Orb Guardian
  7283 | D        | Killed an Orb Guardian
  7284 | D        | Noticed an Orb Guardian
  7287 | D        | Killed an Orb Guardian
  7288 | D        | Noticed an Orb Guardian
  7289 | D        | Killed an Orb Guardian
  7290 | D        | Noticed an Orb Guardian
  7294 | D        | Killed an Orb Guardian
  7295 | D        | Reached skill level 27 in Shields
  7297 | D        | Killed an Orb Guardian
  7297 | D        | Noticed an Orb Guardian
  7298 | D        | Reached XP level 18. HP: 200/200 MP: 17/17
  7300 | D        | Killed an Orb Guardian
  7304 | D        | Killed an Orb Guardian
  7309 | D        | Killed an Orb Guardian
  7315 | D        | Killed an Orb Guardian
  7319 | D        | Killed an Orb Guardian
  7324 | D        | Noticed a tentacled monstrosity
  7324 | D        | Noticed an Orb Guardian
  7324 | D        | Noticed an Orb Guardian
  7324 | D        | Noticed a golden dragon
  7324 | D        | Noticed a tentacled monstrosity
  7325 | D        | Noticed an Orb Guardian
  7329 | D        | Killed a tentacled monstrosity
  7333 | D        | Killed a golden dragon
  7334 | D        | Noticed an Orb Guardian
  7336 | D        | Killed an Orb Guardian
  7338 | D        | Killed an Orb Guardian
  7342 | D        | Killed a tentacled monstrosity
  7351 | D        | Killed an Orb Guardian
  7354 | D        | Killed an Orb Guardian
  7409 | D        | Noticed an ancient lich
  7414 | D        | Killed an ancient lich
  7605 | D        | Noticed an orb of fire
  7612 | D        | Killed an orb of fire
  7629 | D        | Noticed an electric golem
  7633 | D        | Killed an electric golem
  7732 | D        | Noticed a tentacled monstrosity
  7732 | D        | Noticed an orb of fire
  7732 | D        | Noticed an orb of fire
  7732 | D        | Noticed an ancient lich
  7733 | D        | Noticed an ancient lich
  7734 | D        | Killed an ancient lich
  7738 | D        | Noticed an orb of fire
  7749 | D        | Gained mutation: Your magical capacity is low. (-10% MP)
                  | [an orb of fire]
  7750 | D        | Killed an orb of fire
  7751 | D        | Reached skill level 27 in Dodging
  7762 | D        | Noticed an orb of fire
  7766 | D        | Noticed a tentacled monstrosity
  7769 | D        | Killed an orb of fire
  7774 | D        | Killed a tentacled monstrosity
  7781 | D        | Killed an ancient lich
  7784 | D        | Killed an orb of fire
  7786 | D        | Gained mutation: Your magical capacity is very low. (-20%
                  | MP) [an orb of fire]
  7788 | D        | Noticed an Orb Guardian
  7789 | D        | Killed an orb of fire
  7790 | D        | Reached skill level 5 in Staves
  7790 | D        | Reached skill level 5 in Ranged Weapons
  7791 | D        | Killed a tentacled monstrosity
  7791 | D        | Noticed a golden dragon
  7797 | D        | Noticed an Orb Guardian
  7800 | D        | Reached skill level 27 in Axes
  7800 | D        | Reached skill level 27 in Maces & Flails
  7806 | D        | Killed an Orb Guardian
  7811 | D        | Killed a golden dragon
  7816 | D        | Killed an Orb Guardian
  7922 | D        | Noticed an Orb Guardian
  7922 | D        | Noticed an Orb Guardian
  7922 | D        | Noticed an Orb Guardian
  7922 | D        | Noticed an Orb Guardian
  7922 | D        | Noticed an Orb Guardian
  7922 | D        | Noticed an Orb Guardian
  7925 | D        | Killed an Orb Guardian
  7926 | D        | Reached skill level 10 in Staves
  7928 | D        | Killed an Orb Guardian
  7930 | D        | Noticed an Orb Guardian
  7931 | D        | Killed an Orb Guardian
  7932 | D        | Reached skill level 10 in Ranged Weapons
  7935 | D        | Killed an Orb Guardian
  7938 | D        | Killed an Orb Guardian
  7944 | D        | Killed an Orb Guardian
  7945 | D        | Reached XP level 19. HP: 207/207 MP: 14/14
  8085 | D        | Bought 2 potions of haste for 460 gold pieces
  8085 | D        | Bought a scroll of enchant weapon for 172 gold pieces
  8085 | D        | Bought 2 potions of ambrosia for 368 gold pieces
  8085 | D        | Bought a scroll labelled ZINYUJ ETTEDU for 23 gold pieces
  8085 | D        | Bought a blackened copper wand for 92 gold pieces
  8085 | D        | Bought a potion of might for 92 gold pieces
  8093 | D        | Bought a wand of digging (4) for 285 gold pieces
  8093 | D        | Bought 2 potions of curing for 102 gold pieces
  8093 | D        | Bought a scroll of blinking for 127 gold pieces
  8105 | D        | Noticed an ancient lich
  8115 | D        | Killed an ancient lich
  8116 | D        | Reached skill level 15 in Staves
  8120 | D        | Noticed an ancient lich
  8128 | D        | Reached skill level 15 in Ranged Weapons
  8146 | D        | Killed an ancient lich
  8213 | D        | Reached skill level 27 in Evocations
  8288 | D        | Reached skill level 1 in Short Blades
  8288 | D        | Reached skill level 1 in Unarmed Combat
  8305 | D        | Reached skill level 5 in Long Blades
  8308 | D        | Reached skill level 5 in Short Blades
  8308 | D        | Reached skill level 5 in Unarmed Combat
  8323 | D        | Got an elven rune of Zot
  8360 | D        | Paralysed by a floating eye for 4 turns
  8366 | D        | Noticed the Royal Jelly
  8387 | D        | Paralysed by a floating eye for 3 turns
  8403 | D        | Paralysed by a floating eye for 4 turns
  8417 | D        | Killed the Royal Jelly
  8418 | D        | Reached skill level 10 in Short Blades
  8418 | D        | Reached skill level 10 in Unarmed Combat
  8458 | D        | Got a slimy rune of Zot
  8616 | D        | Reached XP level 20. HP: 216/216 MP: 15/15
  8959 | D        | Noticed a royal mummy
  8959 | D        | Noticed a royal mummy
  8959 | D        | Noticed a royal mummy
  8959 | D        | Noticed a royal mummy
  8964 | D        | Noticed a royal mummy
  8970 | D        | Killed a royal mummy
  8971 | D        | Reached skill level 15 in Long Blades
  8975 | D        | Killed a royal mummy
  8985 | D        | Killed a royal mummy
  8996 | D        | Killed a royal mummy
  9002 | D        | Killed a royal mummy
  9003 | D        | Reached skill level 15 in Short Blades
  9003 | D        | Reached skill level 15 in Unarmed Combat
  9014 | D        | Got a golden rune of Zot
  9257 | D        | Noticed a bone dragon
  9273 | D        | Killed a bone dragon
  9295 | D        | Got an abyssal rune of Zot
  9320 | D        | Bought 2 potions of berserk rage for 200 gold pieces
  9320 | D        | Bought a potion of resistance for 200 gold pieces
  9320 | D        | Bought a wand of flame (3) for 42 gold pieces
  9320 | D        | Bought a wand of paralysis (6) for 288 gold pieces
  9437 | D        | Noticed Geryon
  9449 | D        | Killed Geryon
  9453 | D        | Found the +13 sceptre of Asmodeus
  9453 | D        | Noticed Asmodeus
  9453 | D        | Noticed Lom Lobon
  9453 | D        | Noticed Gloorx Vloq
  9477 | D        | Found the +6 sword of Cerebov {flame}
  9477 | D        | Noticed Cerebov
  9479 | D        | Killed from afar by Asmodeus

Illustrated notes

Levels and vault maps discovered:
D:        linesprint [early_d, line_temple, items_1, d_10, items_2, lair_1,
          lair_end, items_3, orc_1, orc_end, items_4, d_15, swamp_1, shoals_1,
          snake_1, spider_1, d_20, vaults_1, items_5, swamp_end, shoals_end,
          snake_end, spider_end, vaults_end, d_27, items_6, zot_1, zot_end,
          crypt_end, forest_end, elf_end, slime_end, tomb_end, abyss_end,
          pan_hell_end]

Skill      XL: |  1  2  3  4  5  6  7  8  9 10 11 12 13 14 15 16 17 18 19 20 |
---------------+-------------------------------------------------------------+-----
Polearms       | 8 10 12 16 17 19 21 24 27 | 27.0
Fighting       | 6 7 9 12 14 16 18 21 24 26 27 | 27.0
Armour         | 6 7 9 12 14 16 18 21 24 26 27 | 27.0
Dodging        | 7 13 17 21 24 27 | 27.0
Shields        | 9 14 19 23 27 | 27.0
Evocations     | 6 11 14 18 21 25 27 | 27.0
Axes           | 9 17 22 27 | 27.0
Maces & Flails | 9 17 22 27 | 27.0
Staves         | 12 23 24 | 24.9
Ranged Weapons | 11 21 23 | 23.1
Short Blades   | 12 15 | 15.8
Long Blades    | 13 17 | 17.2
Unarmed Combat | 12 15 | 15.8

Action                     |  1- 3 |  4- 6 |  7- 9 | 10-12 | 13-15 | 16-18 | 19-21 || total
---------------------------+-------+-------+-------+-------+-------+-------+-------++-------
  Melee: Trident           |    20 |    17 |       |       |       |       |       ||    37
         Headbutt          |     4 |     1 |    11 |    66 |   107 |   162 |   113 ||   464
         Halberd           |       |     8 |    47 |   182 |       |       |       ||   237
         Bardiche          |       |       |       |    81 |   432 |   625 |   351 ||  1489
 Invoke: Call Merchant     |       |       |       |     4 |     4 |     7 |     4 ||    19
  Evoke: Horn of Geryon    |       |       |       |       |       |       |     1 ||     1
         Box of beasts     |       |       |       |       |       |       |     1 ||     1
         Lightning rod     |       |       |       |       |       |       |     1 ||     1
         Phantom mirror    |       |       |       |       |       |       |     1 ||     1
    Use: Potion            |     1 |     1 |     4 |     4 |     9 |     3 |    27 ||    49
         Scroll            |       |       |       |     2 |     8 |     2 |     4 ||    16
   Stab: Distracted        |       |       |       |     4 |     7 |     8 |     9 ||    28
 Armour: Scale mail        |     6 |    10 |    26 |    14 |       |       |       ||    56
         Plate armour      |       |       |       |    86 |    92 |       |       ||   178
         Chain mail        |       |       |       |       |    53 |       |       ||    53
         Gold dragon scale |       |       |       |       |    88 |   278 |    68 ||   434
  Dodge: Dodged            |    10 |     8 |    17 |    50 |   182 |   300 |    92 ||   659
  Block: Buckler           |     3 |     1 |       |       |       |       |       ||     4
         Other             |       |       |       |       |       |    11 |    23 ||    34
